[Event "Early-Titled-Tuesday-Blitz-April-16-2024"]
[Site "Chess.com"]
[Date "2024.04.16"]
[Round "5"]
[White "Oleksandr_Bortnyk"]
[Black "Matibar"]
[Result "1-0"]
[WhiteElo "3046"]
[BlackElo "2831"]
[TimeControl "180+1"]
[EndTime "8:50:11 PDT"]
[Termination "Oleksandr_Bortnyk won by resignation"]

1. e4 e5 2. Bc4 Nf6 3. d3 Nc6 4.
Nc3 Bb4 5. Bd2 O-O 6. Nge2 d6 7.
Ng3 Be6 8. O-O d5 9. exd5 Nxd5 10. Nxd5 Bxd5 11. Bxd5 Qxd5 12. Bxb4 Nxb4 13. Qg4 Nc6 14.
Nh5 1-0

[Event "Early-Titled-Tuesday-Blitz-April-16-2024"]
[Site "Chess.com"]
[Date "2024.04.16"]
[Round "5"]
[White "Itay121"]
[Black "levallem"]
[Result "1-0"]
[WhiteElo "2551"]
[BlackElo "2344"]
[TimeControl "180+1"]
[EndTime "8:50:24 PDT"]
[Termination "Itay121 won by resignation"]

1. e4 c5 2. Nf3 g6 3. c3 d5 4. e5 Nc6 5. d4 Bg4 6. Bb5 e6 7. Bxc6+ bxc6 8. Nbd2 cxd4 9. cxd4 c5 10. dxc5 Qa5 11.
O-O Qxc5 12. Qa4+ 1-0

[Event "Early-Titled-Tuesday-Blitz-April-16-2024"]
[Site "Chess.com"]
[Date "2024.04.16"]
[Round "5"]
[White "Kotlyar_K"]
[Black "PedroGil25"]
[Result "1-0"]
[WhiteElo "2690"]
[BlackElo "2501"]
[TimeControl "180+1"]
[EndTime "8:50:46 PDT"]
[Termination "Kotlyar_K won by resignation"]

1. d4 Nf6 2. c4 e6 3. Nc3 Bb4 4. e3 Bxc3+ 5. bxc3 d6 6. Bd3 O-O 7. e4 e5 8. Ne2 c5 9. d5 Nh5 10. O-O Nd7 11. g4 Nhf6 12. Ng3 Re8 13. g5 1-0

[Event "Early-Titled-Tuesday-Blitz-April-16-2024"]
[Site "Chess.com"]
[Date "2024.04.16"]
[Round "5"]
[White "Shiner22"]
[Black "tantaan"]
[Result "0-1"]
[WhiteElo "2315"]
[BlackElo "2501"]
[TimeControl "180+1"]
[EndTime "8:51:08 PDT"]
[Termination "tantaan won by resignation"]

1. e4 c5 2. d4 cxd4 3. c3 dxc3 4. Nxc3 Nc6 5. Nf3 e6 6. Bc4 a6 7. O-O b5 8. Bb3 Bb7 9. Re1 Bc5 10. a4 Nge7 11.
axb5 axb5 12. Rxa8 Bxa8 13. Nxb5 Qb6 14. Bf4 Qxb5 0-1

[Event "Early-Titled-Tuesday-Blitz-April-16-2024"]
[Site "Chess.com"]
[Date "2024.04.16"]
[Round "5"]
[White "mertfelin"]
[Black "SaiAgni_98"]
[Result "0-1"]
[WhiteElo "2226"]
[BlackElo "2479"]
[TimeControl "180+1"]
[EndTime "8:51:50 PDT"]
[Termination "SaiAgni_98 won by resignation"]

1. e4 c6 2. d4 d5 3. e5 Bf5 4.
h4 h5 5. Bd3 Bxd3 6. Qxd3 Qa5+ 7.
Nd2 e6 8. Nf3 Be7 9. O-O Nh6 10. c4 Qa6 11. b3 Nf5 12. a4 Nxh4 13. Nxh4 Bxh4 14. Ba3 Nd7 15. Bd6 Be7 16. Bxe7 Kxe7 17.
Qg3 Qb6 18. Qc3 a5 19. f4 g6 20. Qg3 Qxd4+ 21. Kh2 Qxd2 0-1

[Event "Early-Titled-Tuesday-Blitz-April-16-2024"]
[Site "Chess.com"]
[Date "2024.04.16"]
[Round "5"]
[White "Anton_Demchenko"]
[Black "FREDERICKtheMATE"]
[Result "1-0"]
[WhiteElo "3010"]
[BlackElo "2690"]
[TimeControl "180+1"]
[EndTime "8:51:52 PDT"]
[Termination "Anton_Demchenko won by resignation"]

1. e4 e5 2. Nf3 Nc6 3. Bc4 Nf6 4. d3 Bc5 5. Bg5 h6 6. Bh4 d6 7. c3 g5 8. Bg3 Bb6 9. Nbd2 Be6 10. a4 a5 11.
Bxe6 fxe6 12. Qb3 Qe7 13. Nc4 Nd7 14. h4 g4 15. Nfd2 Nc5 16. Qc2 Ba7 17. h5 Qf6 18.
O-O-O Nd7 19. Na3 Qf7 20. Nb5 O-O-O 21. Nc4 Bb6 22. Ncxd6+ cxd6 23. Nxd6+ 1-0

[Event "Early-Titled-Tuesday-Blitz-April-16-2024"]
[Site "Chess.com"]
[Date "2024.04.16"]
[Round "5"]
[White "Kazmin_Semyon"]
[Black "Dzidzik2203"]
[Result "1-0"]
[WhiteElo "2589"]
[BlackElo "2419"]
[TimeControl "180+1"]
[EndTime "8:52:02 PDT"]
[Termination "Kazmin_Semyon won by resignation"]

1. e4 c5 2. Nf3 d6 3. d4 cxd4 4. Nxd4 Nf6 5. Nc3 a6 6. Bg5 e6 7. f4 Be7 8. Qf3 Qc7 9. O-O-O Nbd7 10. g4 Rb8 11. Bh4 h6 12. Be1 b5 13. a3 Bb7 14.
h4 Nc5 15. Bd3 d5 16. e5 Nfe4 17. Bxe4 Nxe4 18. Nxe4 dxe4 19. Qe3 Bd5 20. f5 Qxe5 21. Bg3 Qf6 22. Bxb8 O-O 23. Bg3 exf5 24. Nxf5 b4 25.
Rxd5 1-0

[Event "Early-Titled-Tuesday-Blitz-April-16-2024"]
[Site "Chess.com"]
[Date "2024.04.16"]
[Round "5"]
[White "lamomiajunior"]
[Black "knightinshiningarmour16"]
[Result "1-0"]
[WhiteElo "2748"]
[BlackElo "2342"]
[TimeControl "180+1"]
[EndTime "8:52:08 PDT"]
[Termination "lamomiajunior won by resignation"]

1. d4 d5 2. c4 c6 3. Nc3 Nf6 4. Nf3 e6 5. Bg5 Nbd7 6. e3 Qb6 7.
Rb1 Bb4 8. Bd3 Qa5 9. O-O Bxc3 10. bxc3 Qxc3 11. c5 Qa5 12. Qc2 h6 13. Bf4 Nh5 14. Bd6 Qd8 15. Ne5 Nhf6 16. f4 Nf8 17. f5 exf5 18. Bxf5 Bxf5 19. Rxf5 N8h7 20. Rxb7 Qa5 21. Re7+ Kf8 22. Rxa7+ Kg8 23. Rxa5 Rxa5 24. Nxc6 Ra6 25. Ne7+ Kf8 26. Nxd5+ Ke8 27. Nc7+ 1-0

[Event "Early-Titled-Tuesday-Blitz-April-16-2024"]
[Site "Chess.com"]
[Date "2024.04.16"]
[Round "5"]
[White "gurelediz"]
[Black "HansOnTwitch"]
[Result "0-1"]
[WhiteElo "2949"]
[BlackElo "3153"]
[TimeControl "180+1"]
[EndTime "8:52:16 PDT"]
[Termination "HansOnTwitch won by resignation"]

1. e4 g6 2. d4 Bg7 3. Nc3 c6 4. Nf3 d5 5. h3 dxe4 6. Nxe4 Nf6 7. Nxf6+ exf6 8. Be3 O-O 9. Qd2 Re8 10. O-O-O Nd7 11. Bh6 Nb6 12. Bxg7 Kxg7 13. Bd3 Qd5 14. Kb1 Be6 15.
b3 a5 16. c4 Qd8 17. Rhe1 a4 18. Qc3 axb3 19. axb3 Qe7 20. Kc2 Ra2+ 21. Kb1 Qa3 22. Rc1 Ra8 23. d5 cxd5 24. Rxe6 Ra1+ 0-1

[Event "Early-Titled-Tuesday-Blitz-April-16-2024"]
[Site "Chess.com"]
[Date "2024.04.16"]
[Round "5"]
[White "Fjal"]
[Black "jaskol95"]
[Result "0-1"]
[WhiteElo "2316"]
[BlackElo "2546"]
[TimeControl "180+1"]
[EndTime "8:52:16 PDT"]
[Termination "jaskol95 won by resignation"]

1. Nf3 d5 2. g3 Nf6 3. Bg2 Bf5 4.
O-O e6 5. d3 c6 6. c4 h6 7.
cxd5 exd5 8. Nd4 Bh7 9. e4 Be7 10. e5 Nfd7 11. Qg4 Nxe5 12. Qxg7 Bf6 13. Qxh6 Bxd3 14.
Qe3 Bxf1 15. Bxf1 Qb6 16. f4 Qxd4 17. fxe5 Bxe5 18. Nc3 Qxe3+ 19. Bxe3 d4 20. Bf2 dxc3 0-1

[Event "Early-Titled-Tuesday-Blitz-April-16-2024"]
[Site "Chess.com"]
[Date "2024.04.16"]
[Round "5"]
[White "Kushch_Nikolai"]
[Black "ArmanGhevondyanchess"]
[Result "0-1"]
[WhiteElo "2378"]
[BlackElo "2606"]
[TimeControl "180+1"]
[EndTime "8:52:19 PDT"]
[Termination "ArmanGhevondyanchess won by resignation"]

1. Nf3 f5 2. d4 d5 3. g3 e6 4. Bg2 c6 5. O-O Nf6 6. b3 Be7 7. Bb2 O-O 8. Nbd2 Nbd7 9. Ne5 Nxe5 10. dxe5 Ne4 11. e3 Bd7 12. f3 Nxd2 13. Qxd2 a5 14.
a3 Be8 15. Rac1 Bh5 16. h3 g5 17. g4 Bg6 18. Rfe1 h5 19. gxf5 Bxf5 20. Qf2 g4 21. hxg4 Bh4 22. Qe2 hxg4 23. Rf1 Bg3 24. fxg4 Qh4 25.
Bf3 Bd3 26. cxd3 Kg7 27. Qg2 Rh8 28. Rfd1 Raf8 29. Rf1 Bh2+ 30. Kh1 Bf4+ 31. Kg1 Bxe3+ 0-1

[Event "Early-Titled-Tuesday-Blitz-April-16-2024"]
[Site "Chess.com"]
[Date "2024.04.16"]
[Round "5"]
[White "baki83"]
[Black "GeorgiosSouleidis"]
[Result "1-0"]
[WhiteElo "2926"]
[BlackElo "2654"]
[TimeControl "180+1"]
[EndTime "8:52:34 PDT"]
[Termination "baki83 won by resignation"]

1. e4 c5 2. Nf3 e6 3. c3 d5 4. e5 d4 5. d3 Nc6 6. g3 Nge7 7. Bg2 Ng6 8. Qe2 Qc7 9. O-O Bd7 10.
Re1 Be7 11. h4 O-O 12. h5 Nh8 13. h6 g6 14. Nbd2 f5 15. exf6 Bxf6 16. Ne4 b6 17. Bf4 Qd8 18. Nxf6+ Qxf6 19. Ne5 Nxe5 20. Bxe5 Qf5 21.
Bxh8 Kxh8 22. Bxa8 Rxa8 23. Qe5+ Qxe5 24. Rxe5 Kg8 25.
cxd4 cxd4 26. Rc1 1-0

[Event "Early-Titled-Tuesday-Blitz-April-16-2024"]
[Site "Chess.com"]
[Date "2024.04.16"]
[Round "5"]
[White "FREZZY23"]
[Black "AlphaGoosee"]
[Result "1-0"]
[WhiteElo "2442"]
[BlackElo "2573"]
[TimeControl "180+1"]
[EndTime "8:53:00 PDT"]
[Termination "FREZZY23 won by resignation"]

1. Nf3 d5 2. g3 Nf6 3. Bg2 c6 4. O-O Bg4 5. d4 Nbd7 6. c4 e6 7.
Nc3 dxc4 8. h3 Bh5 9. a4 a5 10. b3 Bb4 11. Bb2 cxb3 12. Qxb3 O-O 13. e4 Bxc3 14.
Bxc3 Nxe4 15. Bb2 Qc8 16. Ba3 Re8 17. Ne5 Nef6 18. Rab1 Ra7 19. Rfc1 Bg6 20. Rb2 Qa8 21.
g4 Nxe5 22. dxe5 Nd5 23. Bc5 b6 24. Bxb6 Rb8 25. Bxd5 cxd5 26. Bxa7 Rf8 27. Qb8 1-0

[Event "Early-Titled-Tuesday-Blitz-April-16-2024"]
[Site "Chess.com"]
[Date "2024.04.16"]
[Round "5"]
[White "Knightmare1014"]
[Black "FARIZA2018"]
[Result "0-1"]
[WhiteElo "2302"]
[BlackElo "2543"]
[TimeControl "180+1"]
[EndTime "8:53:03 PDT"]
[Termination "FARIZA2018 won by resignation"]

1. e4 e5 2. Nf3 Nc6 3. Bb5 a6 4. Ba4 Nf6 5. O-O Be7 6. Re1 b5 7. Bb3 d6 8. a4 Bd7 9. Nc3 Na5 10. Ba2 bxa4 11. Nd5 Nxd5 12. Bxd5 Rb8 13. c3 O-O 14. d4 Bf6 15. Be3 Qe7 16. Bc4 Nxc4 17. Qe2 Nxe3 18.
Qxe3 Rxb2 19. Reb1 Rfb8 20. Rxb2 Rxb2 21. dxe5 Bxe5 22.
Nxe5 Qxe5 23. Qa7 Qb5 24. h3 Qb7 25. Qd4 Qb6 26. Qd5 Qxf2+ 0-1

[Event "Early-Titled-Tuesday-Blitz-April-16-2024"]
[Site "Chess.com"]
[Date "2024.04.16"]
[Round "5"]
[White "Witik"]
[Black "mishanick"]
[Result "0-1"]
[WhiteElo "2715"]
[BlackElo "3057"]
[TimeControl "180+1"]
[EndTime "8:53:06 PDT"]
[Termination "mishanick won by resignation"]

1. Nf3 d5 2. g3 g6 3. Bg2 Bg7 4. d4 c6 5. O-O Nf6 6. c4 dxc4 7. Qc2 b5 8. e4 O-O 9. b3 cxb3 10. axb3 Bb7 11.
Nc3 Na6 12. Bf4 Nb4 13. Qd2 a5 14. Rfe1 Nd7 15. h4 c5 16. d5 c4 17. bxc4 bxc4 18.
h5 Nc5 19. h6 Bh8 20. Be5 Nb3 21. Qb2 Nd3 0-1

[Event "Early-Titled-Tuesday-Blitz-April-16-2024"]
[Site "Chess.com"]
[Date "2024.04.16"]
[Round "5"]
[White "kyuotbi"]
[Black "LastHeroJr"]
[Result "0-1"]
[WhiteElo "2269"]
[BlackElo "2485"]
[TimeControl "180+1"]
[EndTime "8:53:11 PDT"]
[Termination "LastHeroJr won by resignation"]

1. e4 c6 2. d4 d5 3. Nc3 dxe4 4. Nxe4 Nf6 5. Nxf6+ exf6 6. Nf3 Bd6 7. Be2 O-O 8. c3 Bg4 9. O-O Re8 10. Be3 Nd7 11.
Nh4 Bxe2 12. Qxe2 Nf8 13. Nf5 Bc7 14. Qg4 g6 15. Nh6+ Kg7 16. Qh4 f5 17. Nxf5+ gxf5 18. Qh6+ Kg8 19. Bg5 f6 20. Bxf6 Qd7 21. Rae1 Qf7 22.
Re3 Rxe3 23. fxe3 Qg6 24. Qh4 Re8 25. Rf3 Re4 26. Qh3 Qxf6 27. Rxf5 Qe7 28. Qf3 Ng6 29.
Kf2 Nh4 0-1

[Event "Early-Titled-Tuesday-Blitz-April-16-2024"]
[Site "Chess.com"]
[Date "2024.04.16"]
[Round "5"]
[White "Hasangatin_Ramil"]
[Black "Levanzovsky"]
[Result "0-1"]
[WhiteElo "2632"]
[BlackElo "2498"]
[TimeControl "180+1"]
[EndTime "8:53:16 PDT"]
[Termination "Levanzovsky won on time"]

1. e4 c5 2. Nf3 e6 3. g3 d5 4.
exd5 exd5 5. d4 Nc6 6. Bg2 Bg4 7. O-O cxd4 8. Re1+ Be7 9. h3 Bxf3 10. Qxf3 Nf6 11.
Bg5 O-O 12. Nd2 h6 13. Bxf6 Bxf6 14. Qxd5 Qxd5 15. Bxd5 Rac8 16. a3 Rfd8 17. Be4 d3 18. Bxd3 Bxb2 19. Rab1 Bc3 20. Red1 Bxd2 21. Rxd2 Ne5 22.
Rxb7 Nf3+ 0-1

[Event "Early-Titled-Tuesday-Blitz-April-16-2024"]
[Site "Chess.com"]
[Date "2024.04.16"]
[Round "5"]
[White "Yan_Dyomin2010"]
[Black "Masterbeaterr"]
[Result "1-0"]
[WhiteElo "2644"]
[BlackElo "2480"]
[TimeControl "180+1"]
[EndTime "8:53:22 PDT"]
[Termination "Yan_Dyomin2010 won by checkmate"]

1. e4 e5 2. Nc3 Nf6 3. d4 exd4 4.
Qxd4 Nc6 5. Qd3 Bb4 6. Bd2 O-O 7. O-O-O Re8 8. Nge2 d6 9. Bg5 h6 10. Bxf6 Qxf6 11. Nd5 Qd8 12. Nxb4 Nxb4 13. Qd2 Nc6 14. Nc3 Be6 15. f3 Qf6 16. Be2 Ne5 17. g4 Nxf3 18.
Bxf3 Qxf3 19. Rhg1 Qh3 20. g5 h5 21. g6 fxg6 22.
Rxg6 Bf7 23. Rg3 Qh4 24. Rdg1 g6 25. Qh6 Re6 26. Nd5 c6 27. Nf4 Rae8 28. Nxg6 Bxg6 29.
Rxg6+ Rxg6 30. Rxg6+ Kf7 31. Qg7# 1-0

[Event "Early-Titled-Tuesday-Blitz-April-16-2024"]
[Site "Chess.com"]
[Date "2024.04.16"]
[Round "5"]
[White "ozates"]
[Black "ViktoriyaTarasova"]
[Result "0-1"]
[WhiteElo "2521"]
[BlackElo "2364"]
[TimeControl "180+1"]
[EndTime "8:53:35 PDT"]
[Termination "ViktoriyaTarasova won by resignation"]

1. e4 e5 2. Nf3 Nc6 3. Bb5 Nf6 4. d3 Bc5 5. c3 O-O 6. O-O Re8 7. Nbd2 a6 8. Ba4 d6 9. h3 b5 10. Bb3 Be6 11. Re1 h6 12. Nf1 Bxb3 13. axb3 Bb6 14.
Ng3 a5 15. Nh4 Ne7 16. Qf3 Ng6 17. Nhf5 Kh7 18. h4 Ng8 19. Nh5 Nxh4 20. Nxh4 Qxh4 21. Qxf7 Re7 22. Qf3 g6 23. Ng3 Kg7 24. Be3 Rf8 25. Qe2 Ref7 26. Bxb6 cxb6 27. Rf1 Nf6 0-1

[Event "Early-Titled-Tuesday-Blitz-April-16-2024"]
[Site "Chess.com"]
[Date "2024.04.16"]
[Round "5"]
[White "Veleamater"]
[Black "Aradhya2000"]
[Result "0-1"]
[WhiteElo "2416"]
[BlackElo "2767"]
[TimeControl "180+1"]
[EndTime "8:53:39 PDT"]
[Termination "Aradhya2000 won by resignation"]

1. g3 e5 2. Bg2 d5 3. d3 Nf6 4.
Nf3 Bd6 5. O-O O-O 6. h3 e4 7. dxe4 dxe4 8. Ng5 Re8 9. Nc3 Bf5 10. Nd5 h6 11. Nxf6+ Qxf6 12. Nxe4 Bxe4 13. Bxe4 Rxe4 14.
Qd5 Re8 15. Qxb7 Nd7 16. Kg2 Qe6 17. Be3 Rab8 18. Qxa7 Qe4+ 19. Kh2 Rxb2 20. Rad1 Nf6 21.
Rd4 Qxc2 22. Rd2 Qc3 23. Rxb2 Qxb2 24. a4 Qxe2 25. a5 Qxf1 0-1

[Event "Early-Titled-Tuesday-Blitz-April-16-2024"]
[Site "Chess.com"]
[Date "2024.04.16"]
[Round "5"]
[White "Squirlolz"]
[Black "ljuks68"]
[Result "1-0"]
[WhiteElo "2581"]
[BlackElo "2393"]
[TimeControl "180+1"]
[EndTime "8:53:40 PDT"]
[Termination "Squirlolz won by resignation"]

1. e4 e6 2. h3 d5 3. exd5 exd5 4. d4 Nf6 5. Bd3 c5 6. Nf3 Nc6 7. O-O Be7 8. dxc5 O-O 9. Nbd2 Bxc5 10. Nb3 Bb6 11. Re1 Re8 12. Bg5 Rxe1+ 13. Qxe1 Be6 14.
Rd1 h6 15. Bh4 Bc7 16. Nbd4 Nxd4 17. Nxd4 Qe7 18. Nf5 Qd7 19. Nxh6+ gxh6 20. Bxf6 Bf5 21. Qe3 Qd6 22. Qxh6 Qh2+ 23. Kf1 1-0

[Event "Early-Titled-Tuesday-Blitz-April-16-2024"]
[Site "Chess.com"]
[Date "2024.04.16"]
[Round "5"]
[White "DarZay"]
[Black "Silvederione"]
[Result "0-1"]
[WhiteElo "2323"]
[BlackElo "2515"]
[TimeControl "180+1"]
[EndTime "8:53:40 PDT"]
[Termination "Silvederione won by resignation"]

1. e4 c5 2. Nf3 Nc6 3. d4 cxd4 4. Nxd4 g6 5. Bc4 Bg7 6. Nxc6 bxc6 7. O-O d6 8. f4 Nf6 9. e5 Ne4 10. Be3 O-O 11.
exd6 Nxd6 12. Nd2 Nxc4 13. Nxc4 Ba6 14. Qe2 Qd5 15. b3 Bxa1 16. Rxa1 Bxc4 17. bxc4 Qe4 18. Rf1 Rab8 19. f5 Rb2 20. fxg6 hxg6 21. Rc1 Rfb8 22.
Kf2 Rxa2 23. Rd1 Rxc2 24. Rd2 Rbb2 25. Rxc2 Rxc2 26. Bd2 Qxe2+ 27. Kxe2 Rxc4 0-1

[Event "Early-Titled-Tuesday-Blitz-April-16-2024"]
[Site "Chess.com"]
[Date "2024.04.16"]
[Round "5"]
[White "aanshnerurkar"]
[Black "SashaKuzhilniy"]
[Result "0-1"]
[WhiteElo "2387"]
[BlackElo "2645"]
[TimeControl "180+1"]
[EndTime "8:53:43 PDT"]
[Termination "SashaKuzhilniy won by resignation"]

1. e4 c6 2. d4 d5 3. e5 Bf5 4. Nd2 e6 5. Nb3 Nd7 6. Nf3 h6 7. Be2 Ne7 8. O-O Nc8 9. a4 Be7 10. a5 a6 11. c4 dxc4 12. Bxc4 O-O 13. Be3 Na7 14. Qe2 Nb5 15. Rfd1 Be4 16. Ne1 Bd5 17. Nd2 Bb4 18. Bd3 Bxa5 19. f4 Bb6 20. Nef3 c5 21.
dxc5 Nxc5 22. Bxb5 axb5 23. Rxa8 Qxa8 24. Qxb5 Qa7 25.
Nc4 Bxc4 26. Qxc4 Na4 27. Bxb6 Qxb6+ 28. Qd4 Rd8 29. Qxb6 Rxd1+ 30. Kf2 Nxb6 31. Ke2 Rb1 32. Nd2 Rxb2 33. Kd3 Rxd2+ 34. Kxd2 Nd5 35. g3 g5 0-1

[Event "Early-Titled-Tuesday-Blitz-April-16-2024"]
[Site "Chess.com"]
[Date "2024.04.16"]
[Round "5"]
[White "szefru"]
[Black "Attacker_2006"]
[Result "0-1"]
[WhiteElo "2277"]
[BlackElo "2428"]
[TimeControl "180+1"]
[EndTime "8:53:48 PDT"]
[Termination "Attacker_2006 won by resignation"]

1. e4 Nf6 2. e5 Ng8 3. d4 d6 4. f4 g6 5. Nf3 Bg7 6. Bd3 dxe5 7.
fxe5 c5 8. c3 Nc6 9. Bb5 Bd7 10.
O-O Nxe5 11. Nxe5 Bxb5 12. Nxf7 Qd7 13. Nxh8 Bxf1 14. Qxf1 Bxh8 15. dxc5 O-O-O 16. Na3 Qd5 17. Be3 Nf6 18. Nb5 a6 19. Na3 Ng4 20. Bf4 Qxc5+ 21.
Kh1 Nf2+ 22. Kg1 Ne4+ 23. Kh1 Rf8 24. Qf3 Rxf4 25. Qh3+ Qf5 0-1

[Event "Early-Titled-Tuesday-Blitz-April-16-2024"]
[Site "Chess.com"]
[Date "2024.04.16"]
[Round "5"]
[White "familijatop71"]
[Black "mokerslag"]
[Result "1/2-1/2"]
[WhiteElo "2322"]
[BlackElo "2505"]
[TimeControl "180+1"]
[EndTime "8:53:52 PDT"]
[Termination "Game drawn by repetition"]

1. e4 d5 2. exd5 Qxd5 3. Nc3 Qd6 4.
d4 Nf6 5. Bc4 c6 6. Nge2 Bf5 7.
Bf4 Qd8 8. O-O e6 9. Ng3 Bg6 10.
Re1 Be7 11. Nce4 O-O 12. c3 Nbd7 13. Qe2 Nb6 14. Bb3 a5 15. a4 Nbd5 16. Be5 Qb6 17. Bxd5 cxd5 18. Nxf6+ Bxf6 19. Bxf6 gxf6 20. h4 h6 21. h5 Bh7 22. Qd2 Kg7 23. Re3 Qb3 24. Rc1 Rh8 25. Ne2 Bf5 26. Ng3 Bh7 27. Ne2 Bf5 28.
Ng3 Bh7 1/2-1/2

[Event "Early-Titled-Tuesday-Blitz-April-16-2024"]
[Site "Chess.com"]
[Date "2024.04.16"]
[Round "5"]
[White "guillembaches"]
[Black "Roosters19"]
[Result "1/2-1/2"]
[WhiteElo "2539"]
[BlackElo "2327"]
[TimeControl "180+1"]
[EndTime "8:53:56 PDT"]
[Termination "Game drawn by agreement"]

1. d4 Nf6 2. Nf3 g6 3. Bg5 Bg7 4. Nbd2 h6 5. Bh4 d6 6. e4 O-O 7. c3 c5 8. dxc5 dxc5 9. Be2 Nc6 10. O-O Nh5 11. Bg3 Nxg3 12. hxg3 Bg4 13. Qc2 Qc7 14. Nc4 Rad8 15. Ne3 Be6 16. a4 a6 17.
Rfd1 Na5 18. Nd5 Bxd5 19. exd5 Rd7 20. Rd2 Rfd8 21. Rad1 c4 22. Re1 b5 23. axb5 axb5 24.
Bf1 Rxd5 25. Rxd5 Rxd5 26. Qe4 e6 27. Qe3 Nb3 28. Be2 Qd7 29. Qb6 Nd2 30. Qe3 1/2-1/2

[Event "Early-Titled-Tuesday-Blitz-April-16-2024"]
[Site "Chess.com"]
[Date "2024.04.16"]
[Round "5"]
[White "BashirliSaadat"]
[Black "WilsonPalencia21"]
[Result "0-1"]
[WhiteElo "2339"]
[BlackElo "2590"]
[TimeControl "180+1"]
[EndTime "8:54:02 PDT"]
[Termination "WilsonPalencia21 won by resignation"]

1. d4 Nf6 2. e3 c5 3. c3 g6 4. f4 Bg7 5. Bd3 O-O 6. Nf3 d5 7.
O-O Nc6 8. Nbd2 Nd7 9. Qe2 f6 10. e4 dxe4 11. Nxe4 cxd4 12. cxd4 Nb6 13. Be3 Bg4 14. Qf2 Bxf3 15. gxf3 e5 16. fxe5 fxe5 17. Rad1 exd4 18. Bg5 Qd5 19. b3 Kh8 20. Qh4 Ne5 21. Be2 d3 22. Nf6 Qc5+ 23. Kh1 Rxf6 24. Bxf6 dxe2 25.
Rd7 0-1

[Event "Early-Titled-Tuesday-Blitz-April-16-2024"]
[Site "Chess.com"]
[Date "2024.04.16"]
[Round "5"]
[White "lcmil"]
[Black "Kildepiotr"]
[Result "0-1"]
[WhiteElo "2502"]
[BlackElo "2702"]
[TimeControl "180+1"]
[EndTime "8:54:14 PDT"]
[Termination "Kildepiotr won by resignation"]

1. e4 g6 2. h4 h5 3. d4 Bg7 4.
Nc3 c6 5. Be3 d5 6. f3 dxe4 7.
fxe4 Nf6 8. Qd2 Ng4 9. Nf3 Nxe3 10. Qxe3 Bg4 11. e5 Nd7 12. Ne4 Nb6 13. O-O-O Nd5 14.
Qb3 Qb6 15. Kb1 Qxb3 16. axb3 O-O-O 17. Neg5 Rhf8 18. Re1 f6 19. exf6 exf6 20. Ne4 Kc7 21. Nc3 Nf4 22. Ne2 Ne6 23. c3 Rfe8 24. Ng3 Nf4 25.
Bc4 Nxg2 26. Rxe8 Rxe8 27. Nd2 Bh6 28. Nge4 Bf5 29. Bd3 Nf4 30. Bc2 Nd5 31. Re1 Bxd2 0-1

[Event "Early-Titled-Tuesday-Blitz-April-16-2024"]
[Site "Chess.com"]
[Date "2024.04.16"]
[Round "5"]
[White "NovoselovRoman"]
[Black "Mops_2004"]
[Result "0-1"]
[WhiteElo "2590"]
[BlackElo "2796"]
[TimeControl "180+1"]
[EndTime "8:54:16 PDT"]
[Termination "Mops_2004 won by resignation"]

1. e4 c5 2. Nf3 Nc6 3. d4 cxd4 4. Nxd4 Nf6 5. Nc3 e5 6. Ndb5 d6 7. Bg5 a6 8. Na3 b5 9. Nd5 Be7 10. Bxf6 Bxf6 11. c3 O-O 12. Nc2 Rb8 13. a4 bxa4 14. Ncb4 Nxb4 15. Nxb4 Bb7 16. f3 a5 17. Nd3 Bc6 18. Be2 Qb6 19. Qd2 Rfd8 20. h4 d5 21. exd5 Rxd5 22. Qc2 Qe3 23. Nf2 Be7 24. h5 h6 25. Ng4 Qf4 26. Nf2 Bh4 27. Rd1 Rxd1+ 28. Bxd1 Qe3+ 29. Kf1 Bb5+ 30. Kg1 Qe1+ 0-1

[Event "Early-Titled-Tuesday-Blitz-April-16-2024"]
[Site "Chess.com"]
[Date "2024.04.16"]
[Round "5"]
[White "Tol_Tol"]
[Black "LeninGuerra"]
[Result "0-1"]
[WhiteElo "2422"]
[BlackElo "2772"]
[TimeControl "180+1"]
[EndTime "8:54:17 PDT"]
[Termination "LeninGuerra won on time"]

1. d4 Nf6 2. c4 c5 3. Nc3 cxd4 4.
Qxd4 Nc6 5. Qd2 e5 6. e3 Bb4 7. a3 Bxc3 8. Qxc3 d5 9. cxd5 Qxd5 10. Nf3 O-O 11. Bc4 Qe4 12. O-O Bg4 13. Nd2 Qg6 14. f3 Bh3 15. Rf2 Rfd8 16. Nf1 Rac8 17. Qc2 Bf5 18. e4 Nd4 19. Qd3 Bh3 20. Ba2 Nc2 21.
Rxc2 Rxd3 22. Rxc8+ Bxc8 23. Be3 h5 0-1

[Event "Early-Titled-Tuesday-Blitz-April-16-2024"]
[Site "Chess.com"]
[Date "2024.04.16"]
[Round "5"]
[White "DonJuanEGenaro"]
[Black "InitiatingASC"]
[Result "0-1"]
[WhiteElo "2005"]
[BlackElo "2357"]
[TimeControl "180+1"]
[EndTime "8:54:19 PDT"]
[Termination "InitiatingASC won by resignation"]

1. d4 d5 2. Nf3 e6 3. g3 c5 4. Bg2 Nc6 5. O-O Nf6 6. c4 Be7 7. cxd5 exd5 8. Nc3 O-O 9. Bg5 c4 10. Ne5 Be6 11. f4 Ng4 12. Bxe7 Nxe7 13. Nxg4 Bxg4 14.
h3 Be6 15. g4 f5 16. e3 Qd7 17.
Bf3 b5 18. a3 a5 19. b3 b4 20. Na4 c3 21. Nc5 Qd6 22. Qd3 Rfc8 23. Nxe6 Qxe6 24. gxf5 Nxf5 25. Rfe1 Nd6 26. Bg4 Qe4 27. Qxe4 Nxe4 28.
Bxc8 Rxc8 29. axb4 axb4 30. Ra5 Nd2 31. Rxd5 Nf3+ 32.
Kf2 Nxe1 33. Ra5 0-1

[Event "Early-Titled-Tuesday-Blitz-April-16-2024"]
[Site "Chess.com"]
[Date "2024.04.16"]
[Round "5"]
[White "Vasily_IM"]
[Black "Nikolakis2014"]
[Result "1/2-1/2"]
[WhiteElo "2572"]
[BlackElo "2727"]
[TimeControl "180+1"]
[EndTime "8:54:20 PDT"]
[Termination "Game drawn by repetition"]

1. d4 Nf6 2. c4 e6 3. Nc3 d5 4.
cxd5 exd5 5. Bg5 c6 6. e3 Be7 7. Bd3 O-O 8. Qc2 h6 9. Bh4 Re8 10. Nf3 Ne4 11. Bxe7 Qxe7 12. O-O Bf5 13. Ne5 Nd7 14.
Nxd7 Bxd7 15. Rab1 Bf5 16. b4 a6 17. a4 Rac8 18. Rfc1 Qd7 19. Nxe4 Bxe4 20. Bxe4 dxe4 21. Qc5 Re6 22. b5 axb5 23. axb5 Rg6 24. bxc6 Rcxc6 25.
Qe5 Rxc1+ 26. Rxc1 Rc6 27. Rb1 f5 28. h3 Kh7 29.
Kh2 Rc2 30. Kg1 Qc8 31. Rb5 Kg6 32. Qd6+ Kh7 33. Qe5 Kg6 34. Qd6+ Kh7 35. Qe5 1/2-1/2

[Event "Early-Titled-Tuesday-Blitz-April-16-2024"]
[Site "Chess.com"]
[Date "2024.04.16"]
[Round "5"]
[White "Nutflush"]
[Black "Nechitaylo_Nikita"]
[Result "1-0"]
[WhiteElo "2139"]
[BlackElo "2292"]
[TimeControl "180+1"]
[EndTime "8:54:20 PDT"]
[Termination "Nutflush won by resignation"]

1. e4 c5 2. c3 Nf6 3. e5 Nd5 4. d4 cxd4 5. cxd4 d6 6. Nf3 e6 7.
Bc4 Be7 8. O-O O-O 9. Nc3 Nxc3 10. bxc3 dxe5 11. Nxe5 Qc7 12. Qe2 Bd6 13. Bf4 f6 14.
Ng6 hxg6 15. Bxe6+ Kh7 16. Bxd6 Qxd6 17. Bb3 Nc6 18.
Qe4 Be6 19. Bxe6 Qg3 20. hxg3 1-0